 Dungeon Crawl Stone Soup version 0.31.0-11-ge490571c62 (webtiles) character file.

Game seed: 5136693213417173328

268 SnakkuSnakku7 the Cudgeller (level 6, -6/46 HPs)
             Began as a Djinni Chaos Knight on Jan 28, 2024.
             Was a Plaything of Xom.
             Mangled by an iguana (13 damage)
             ... on level 6 of the Dungeon.
             The game lasted 00:02:46 (1705 turns).

SnakkuSnakku7 the Cudgeller (Djinni Chaos Knight)   Turns: 1705, Time: 00:02:46

Health: -6/46      AC: -2    Str: 13    XL:     6   Next: 46%
Gold:   19         EV: 12    Int: 13    God:    Xom [.*....] SH:  0 Dex: 13

rFire   + . .        a - +0 mace (chaos)
rCold   . . .        (no shield)
rNeg    . . .        b - +2 leather armour
rPois   ∞            (no helmet)
rElec   .            (no cloak)
rCorr   .            (no gloves)
SInv    .            (boots unavailable)
Will    .....        (no amulet)
Stlth   +            n - ring of ice
HPRegen 0.27/turn    (no ring)
MPRegen 0.00/turn

%: infuse magic (-7 HP)
@: corroded, flying
A: sickness immunity, fire resistance 2, cold vulnerability 1, float, innate
caster, HP casting, extra vitality 1
a: Renounce Religion


You were on level 6 of the Dungeon.
You worshipped Xom.
You were a plaything of Xom.
You visited 1 branch of the dungeon, and saw 4 of its levels.

You collected 159 gold pieces.
You spent 140 gold pieces at shops.

Inventory:

Hand Weapons
 a - a +0 mace of chaos (weapon)
Armour
 b - a +2 leather armour (worn)
Jewellery
 n - a ring of ice (left hand)
Wands
 k - a wand of flame (3)
Scrolls
 c - a scroll of silence {unknown}
 e - a scroll of teleportation
 g - a scroll of identify {unknown}
 h - a scroll of blinking
 j - a scroll of enchant armour {unknown}
Potions
 d - 2 potions of attraction {unknown}
 f - 2 potions of enlightenment {unknown}
 i - a potion of haste {unknown}
 l - a potion of might
 o - a potion of magic {unknown}


   Skills:
 - Level 3.0 Fighting
 + Level 5.6 Maces & Flails
 - Level 1.0 Armour
 - Level 2.1 Dodging


You knew the following spells:

 Your Spells              Type           Power      Damage    Failure   Level
a - Magic Dart            Conj           0%         1d3       36%         1
b - Call Imp              Summ           0%         N/A       52%         2
Your spell library was empty.

Dungeon Overview and Level Annotations

Branches:
Dungeon (6/15)
 Temple: D:4-7

Altars:

Shops:
D:1 ?:*


Innate Abilities, Weirdness & Mutations

You are immune to sickness and miasma.
You are immune to poison.
Your flesh is very heat resistant. (rF++)
You are vulnerable to cold. (rC-)
You float through the air rather than walking.
You learn spells naturally, not from books.
Your magical power is your life essence.
You have superior vitality. (+4 MHP)


Message History

You hear a shout!
The orc barely misses you.
You hit the orc.
You kill the orc!
An orc comes into view. It is wielding a +0 short sword.
You hit the orc.
The orc is severely wounded.
The orc misses you.
You hit the orc.
You kill the orc!
You hit the orc. You burn the orc.
The orc is almost dead.
The orc hits you but does no damage.
Aiming: Polymorph
Press: ? - help, Shift-Dir - straight line, f - orc warrior
Aim: an orc warrior, wielding a +0 scimitar and wearing a +0 plate armour (will become a jelly, a scorpion, or a swamp drake, chance to affect: 49%)
The orc warrior resists with some effort.
Xom smirks.
You feel aware of your surroundings.
You are now a plaything of Xom.
The orc warrior hits you with a +0 scimitar!
Unknown command.
Aiming: Polymorph
Press: ? - help, Shift-Dir - straight line, f/p - orc warrior
Aim: an orc warrior, wielding a +0 scimitar and wearing a +0 plate armour (will become a jelly, a scorpion, or a swamp drake, chance to affect: 49%)
The orc warrior evaporates and reforms as a jelly!
The now-empty wand crumbles to dust.
Unknown command.
Unknown command.
You hit the jelly. You burn the jelly. The acid corrodes you!
Your hands burn!
The jelly is lightly wounded.
The jelly hits you. The acid corrodes you!
You are splashed with acid!
* * * LOW HITPOINT WARNING * * *
The jelly barely misses you.
You hit the jelly but do no damage.
The jelly evaporates and reforms as an iguana!
The iguana is lightly wounded.
The iguana bites you!
You die...
Xom roars with laughter!

#.. ,$.# #.#** #.# *
#.#####.####...,,
#.##<........#
#.##.##.###### #.##.##.# *
* ** #.......#####* *
,,,,,########...........,**
* * ,
#.oool@.>.#####.###,** , ,
, ,#.######.## *,# * *
,,,,,#.#** #.# * *, * ,,o
... , ,..# ,* ** , ,
,,..... *##.# , , * *
,###.#o# #o# * ,** *,,,*,
#.#o# #.# * * z ,, ,.^#.#
#.# * * ##,* *,,#####,# *,*
, ,**


You could see an iguana, an orc wizard and 2 orcs.

Vanquished Creatures
  Sigmund (D:2)
  A jelly (D:6)
  Jessica (D:2)
  An adder (D:2)
  2 ribbon worms (D:2)
  A dart slug (D:3)
  3 orcs (D:6)
  A bat (D:3)
  2 giant cockroaches
  2 goblins (D:1)
  4 hobgoblins
  4 kobolds
  2 quokkas
  3 ball pythons
  3 frilled lizards (D:2)
  3 rats
34 creatures vanquished.

Notes
Turn   | Place    | Note
-------+----------+-------------------------------------------
     0 | D:1      | SnakkuSnakku7 the Djinni Chaos Knight began the quest for
                  | the Orb.
     0 | D:1      | Reached XP level 1. HP: 20/20 MP: 0/0
    60 | D:1      | XOM: silly message
    81 | D:1      | Reached XP level 2. HP: 23/25 MP: 0/0
   151 | D:1      | Found Caicefep's Magic Scroll Boutique.
   172 | D:1      | XOM: silly message
   185 | D:1      | Found Henoge's Book Shop.
   207 | D:1      | Found Bushreq's General Store.
   212 | D:1      | Bought a scroll of noise for 10 gold pieces
   310 | D:1      | Reached skill level 3 in Maces & Flails
   534 | D:2      | Reached XP level 3. HP: 30/30 MP: 0/0
   534 | D:2      | Learned a level 1 spell: Magic Dart
   709 | D:2      | Noticed Sigmund
   787 | D:1      | Bought a scroll of blinking for 90 gold pieces
   831 | D:1      | XOM: silly message
   869 | D:2      | XOM: cloud trail
   990 | D:2      | Found a faded altar of an unknown god.
  1218 | D:2      | Noticed Jessica
  1218 | D:2      | XOM: enchant monster (good)
  1273 | D:2      | Killed Jessica
  1274 | D:2      | Reached skill level 4 in Maces & Flails
  1274 | D:2      | Reached XP level 4. HP: 29/35 MP: 0/0
  1304 | D:2      | XOM: cast spell 'Fugue of the Fallen'
  1309 | D:2      | XOM: noise
  1317 | D:2      | Killed Sigmund
  1318 | D:2      | Reached skill level 5 in Maces & Flails
  1318 | D:2      | Reached XP level 5. HP: 16/40 MP: 0/0
  1318 | D:2      | Learned a level 2 spell: Call Imp
  1318 | D:2      | Reached XP level 6. HP: 18/46 MP: 0/0
  1423 | D:1      | Bought a potion of might for 40 gold pieces
  1481 | D:3      | XOM: silly message
  1534 | D:3      | You are sucked into a shaft and drop 3 floors!
  1546 | D:6      | a centaur changed into a warg
  1546 | D:6      | Noticed a warg
  1547 | D:6      | a warg changed into a naga
  1547 | D:6      | Noticed a naga
  1548 | D:6      | XOM: noise
  1554 | D:6      | XOM: summons friendly shadow imp
  1564 | D:6      | XOM: divination: detect creatures
  1566 | D:6      | XOM: confuse monster(s)
  1625 | D:6      | XOM: 3-stop teleportation journey
  1689 | D:6      | Noticed an orc warrior
  1697 | D:6      | XOM: noise
  1702 | D:6      | XOM: divination: magic mapping
  1703 | D:6      | an orc warrior changed into a jelly
  1705 | D:6      | Mangled by an iguana

Illustrated notes

Levels and vault maps discovered:
D:1:      lightli_arrival_noodles, layout_rooms, serial_shops, shop,
          nicolae_shop_just_a_little_nook, nicolae_shop_window_shopping
D:2:      minmay_spotlight, layout_loops_cross,
          shapermc_ecumenical_altar_notcrosses,
          nicolae_concentric_dashed_squares_wild, minmay_pentomino_w2,
          uniq_sigmund, uniq_jessica
D:3:      layout_basic, mainiacjoe_overflow_alcove_2, grunt_qazlal_clouds,
          kiku_gazebo_garden_becter
D:6:      layout_loops_ring, nicolae_overflow_crystal_walls,
          gup_sewer_entry_bubbles

Skill      XL: |  1  2  3  4 |
---------------+-------------+-----
Maces & Flails | 3 4 5 |  5.6
Fighting       | |  3.0
Armour         | |  1.0
Dodging        | |  2.1

Action                     |  1- 3 |  4- 6 || total
---------------------------+-------+-------++-------
  Melee: Mace              |    61 |    36 ||    97
  Evoke: Wand              |       |    12 ||    12
    Use: Scroll            |       |     2 ||     2
 Armour: Leather armour    |    42 |    25 ||    67
  Dodge: Dodged            |    45 |    30 ||    75
